 Dungeon Crawl Stone Soup version 0.29-a0-317-gd16b76e6b1 (webtiles) character file.

Game seed: 12618180776715460988

11664 Morbidden the Grappler (level 11, -3/156 HPs)
             Began as a Troll Warper on Mar 31, 2022.
             Was an Elder of Cheibriados.
             Killed from afar by a fire dragon (13 damage)
             ... with a blast of flame
             ... on level 10 of the Dungeon.
             The game lasted 00:17:03 (9035 turns).

Morbidden the Grappler (Troll Warper)               Turns: 9035, Time: 00:17:04

Health: -3/156     AC: 13    Str: 27 (30) XL:     11   Next: 52%
Magic:  25/25      EV: 11    Int: 20 (22) God:    Cheibriados [****..]
Gold:   534        SH:  0    Dex: 19 (20) Spells: 10/19 levels left

rFire   . . .      SeeInvis .     - Unarmed
rCold   . . .      Faith    .   (no shield)
rNeg    + . .      Spirit   .   H - +0 swamp dragon scales
rPois   +          Reflect  .   (helmet restricted)
rElec   .          Harm     .   o - +2 ratskin cloak {*Rats rPois rN+ Str-1 Int-1 Dex+1}
rCorr   .          Rampage  .   (gloves unavailable)
Will    .....                   (boots unavailable)
Stlth   ..........              (no amulet)
HPRegen 1.16/turn               D - +4 ring of slaying
MPRegen 0.19/turn               A - ring of magical power

@: mighty, berserking (expiring), flying, very slow
A: large, unfitting armour, claws 3, regeneration 1, shaggy fur 1, tough skin 1,
beak, hooves 1
a: Renounce Religion, Bend Time, Temporal Distortion, Slouch


You were on level 10 of the Dungeon.
You worshipped Cheibriados.
Cheibriados was greatly pleased with you.
You visited 1 branch of the dungeon, and saw 10 of its levels.

You collected 534 gold pieces.

Inventory:

Missiles
 a - 4 large rocks
 c - 7 boomerangs of dispersal
 e - 3 curare-tipped darts
 k - 208 stones
 r - 15 poisoned darts
 w - 9 boomerangs (quivered)
Armour
 o - the +2 ratskin cloak (worn) {*Rats rPois rN+ Str-1 Int-1 Dex+1}
   (You found it on level 2 of the Dungeon)

   When the wearer is hurt, rats may emerge from it to assist them.
   Str:       It affects your strength (-1).
   Int:       It affects your intelligence (-1).
   Dex:       It affects your dexterity (+1).
   rPois:     It protects you from poison.
   rN:        It protects you from negative energy.
 H - +0 swamp dragon scales (worn)
Jewellery
 p - a ring of positive energy
 A - a ring of magical power (right claw)
 D - a +4 ring of slaying (left claw)
 L - an amulet of faith
Wands
 B - a wand of flame (38)
 E - a wand of acid (6)
 G - a wand of iceblast (18)
 J - a wand of digging (2)
 O - a wand of charming (6)
Scrolls
 b - 2 scrolls of blinking
 h - 11 scrolls of identify
 i - 2 scrolls of noise {unknown}
 j - 5 scrolls of immolation {unknown}
 n - 2 scrolls of amnesia {unknown}
 q - 2 scrolls of magic mapping
 s - a scroll of enchant armour {unknown}
 u - 3 scrolls of enchant weapon {unknown}
 v - a scroll of vulnerability {unknown}
 y - 6 scrolls of teleportation
 z - a scroll of holy word {unknown}
 C - a scroll of fear {unknown}
 K - a scroll of summoning {unknown}
Potions
 d - a potion of heal wounds
 f - 4 potions of curing
 g - a potion of attraction
 l - a potion of invisibility {unknown}
 m - a potion of mutation
 t - 2 potions of berserk rage
 x - a potion of flight
 F - a potion of cancellation {unknown}
 I - 3 potions of brilliance {unknown}
 M - a potion of might
 N - 2 potions of degeneration


   Skills:
 * Level 5.4 Fighting
 + Level 2.6 Throwing
 + Level 2.8 Armour
 * Level 5.1 Dodging
 + Level 1.1 Stealth
 * Level 10.9 Unarmed Combat
 * Level 4.6 Spellcasting
 * Level 5.6 Translocations
 * Level 2.2 Air Magic
 * Level 3.8 Invocations


You had 10 spell levels left.
You knew the following spells:

 Your Spells              Type           Power      Damage    Failure   Level
a - Gell's Gravitas       Tloc           27%        N/A       5%          3
b - Airstrike             Air            6%         N/A       56%         4
s - Blink                 Tloc           54%        N/A       2%          2

Your spell library contained the following spells:

 Spells                   Type           Power      Damage    Failure   Level
 Apportation              Tloc           54%        N/A       1%          1
 Lesser Beckoning         Tloc           27%        N/A       5%          3
 Teleport Other           Tloc           27%        N/A       5%          3
 Shock                    Conj/Air       36%        1d5       11%         1
 Magic Dart               Conj           16%        1d3       19%         1
 Swiftness                Air            13%        N/A       22%         3
 Call Imp                 Summ           4%         N/A       26%         2
 Mephitic Cloud           Conj/Pois/Air  7%         N/A       36%         3
 Manifold Assault         Tloc           27%        N/A       43%         5
 Dazzling Flash           Conj/Hex       8%         N/A       47%         3
 Ignite Poison            Fire/Tmut/Pois 4%         N/A       47%         3
 Silence                  Hex/Air        4%         N/A       97%         5
 Freezing Cloud           Conj/Ice/Air   3%         6-21      98%         5
 Agony                    Necr           4%         N/A       99%         5
 Alistair's Intoxication  Tmut/Pois      2%         N/A       99%         5


Dungeon Overview and Level Annotations

Branches:
Dungeon (10/15)            Temple (0/1) D:7            Lair (0/6) D:10
    Orc: D:9-12

Altars:
Ashenzari
Cheibriados
Dithmenos
Elyvilon
Gozag
Kikubaaqudgha
Trog
Vehumet

Annotations:
D:10 1 runed translucent door


Innate Abilities, Weirdness & Mutations

You are too large for most types of armour.
You have claws for hands.
Your natural rate of healing is unusually fast.
You are covered in fur. (AC +1)
You have tough skin. (AC +1)
You have a beak for a mouth.
You have large cloven feet.


Message History

You kill the tengu conjurer!
Cheibriados thoroughly appreciates the change of pace.
The fire dragon breathes flames at you. The blast of flame hits you!!
Unknown command.
The fire dragon breathes flames at you. The blast of flame hits you!!!
The fire dragon barely misses you. x3
The freezing wraith barely misses you. x2
Things that are here:
the +6 spear of the Briny Deep {flame, *Slow Fragile rC+ rN+++ Dex+2}; a ring of flight Unknown command.
You closely miss the fire dragon. You kick the fire dragon.
The fire dragon is lightly wounded.
The fire dragon bites you! The fire dragon claws you!
The fire dragon tramples you but does no damage.
The freezing wraith hits you.
* * * LOW HITPOINT WARNING * * *
The freezing wraith freezes you!
* * * LOW HITPOINT WARNING * * *
The freezing wraith hits you but does no damage.
You barely miss the fire dragon. Your kick misses the fire dragon.
The fire dragon is lightly wounded.
Unknown command.
You mangle the fire dragon!! Your kick misses the fire dragon.
Your peck misses the fire dragon. You claw the fire dragon!
The fire dragon is heavily wounded.
The fire dragon bites you but does no damage.
The fire dragon claws you.
* * * LOW HITPOINT WARNING * * *
The fire dragon completely misses you. The freezing wraith hits you!
* * * LOW HITPOINT WARNING * * *
The freezing wraith freezes you!
* * * LOW HITPOINT WARNING * * *
The freezing wraith hits you!
* * * LOW HITPOINT WARNING * * *
You claw the fire dragon!
The fire dragon is heavily wounded.
The fire dragon breathes flames at you. The blast of flame hits you!
You die...

#.# #.#.#.......#...########
#.# #.#....)....#...##########
#.###.#.....###.#..รท.........#
#...#.####### #.###..........#
###.# ......#.###....<.....###
#.# ........................
#.# ##....#...........###.##
#.# #.##.#####..########.#<
####.# # #.D@...........##.##
.....# #.W#########.#.#....
###..# #.#. #..#.#.)#.....)
.....# #.. #. .#.#...##.#.))
###.## ... #. #.#.#...#..###
#.# ..#. .##.##....##.### #.#
...# #..#.#.#+#.#..## #.# ..
#.#.#..#e#.##.## #.#
#..#.##.##.#..#


You could see a fire dragon (catching breath) and a freezing wraith.

Vanquished Creatures
  A centaur warrior (D:10)
  A two-headed ogre (D:10)
  Sonja (D:10)
  Amaemon (D:9)
  Pikel (D:4)
  A deep elf pyromancer (D:10)
  An ugly thing (D:10)
  An elephant (D:10)
  A cyclops (D:7)
  Maurice (D:8)
  An orange demon (D:9)
  3 kobold demonologists
  Maggie (D:7)
  A tengu conjurer (D:10)
  2 shadows
  A vampire (D:9)
  3 wyverns
  A basilisk (D:10)
  2 steam dragons
  A vampire mosquito (D:10)
  Menkaure (D:7)
  2 water moccasins
  3 ice beasts
  5 orc warriors
  2 black bears
  An ogre (D:6)
  A centaur (D:8)
  A kobold brigand (D:8)
  A phantom (D:5)
  3 bullfrogs
  4 scorpions
  A gnoll sergeant (D:8)
  3 necrophages
  3 wights
  2 howler monkeys
  5 hounds
  2 jellies
  10 orc priests
  Natasha (thrice) (D:2)
  Jessica (D:2)
  5 iguanas
  6 orc wizards
  7 adders
  9 gnolls
  A river rat (D:4)
  A shadow imp (D:7)
  3 white imps
  2 ufetubi
  A worm (D:4)
  2 dart slugs
  29 orcs
  7 ball pythons
  4 endoplasms
  2 giant cockroaches
  8 goblins
  7 hobgoblins
  6 jackals (D:1)
  20 kobolds
  4 quokkas
  7 bats
  2 frilled lizards
  6 rats
219 creatures vanquished.

Vanquished Creatures (collateral kills)
  A troll (D:10)
  2 ice beasts
  A gnoll sergeant (D:7)
  A wight (D:8)
  A jelly (D:8)
  3 gnolls (D:7)
  2 orcs (D:10)
11 creatures vanquished.

Vanquished Creatures (others)
  A human (D:6)
  An orc (D:6)
  4 plants (D:5)
6 creatures vanquished.

Grand Total: 236 creatures vanquished

Notes
Turn   | Place    | Note
-------+----------+-------------------------------------------
     0 | D:1      | Morbidden the Troll Warper began the quest for the Orb.
     0 | D:1      | Reached XP level 1. HP: 19/19 MP: 1/1
   121 | D:1      | Reached XP level 2. HP: 28/28 MP: 3/3
   361 | D:1      | Reached XP level 3. HP: 34/35 MP: 4/4
   501 | D:1      | Learned a level 2 spell: Blink
   727 | D:1      | Found a faded altar of an unknown god.
  1130 | D:2      | Noticed Natasha
  1140 | D:2      | Killed Natasha
  1141 | D:2      | Reached skill level 3 in Unarmed Combat
  1141 | D:2      | Reached XP level 4. HP: 41/42 MP: 5/5
  1181 | D:2      | Found the +2 ratskin cloak {*Rats rPois rN+ Str-1 Int-1
                  | Dex+1}
  1429 | D:2      | Noticed Natasha
  1437 | D:2      | Killed Natasha
  1454 | D:2      | Noticed Natasha
  1462 | D:2      | Killed Natasha
  1619 | D:2      | Noticed Jessica
  1625 | D:2      | Killed Jessica
  1626 | D:2      | Reached skill level 4 in Unarmed Combat
  1626 | D:2      | Reached XP level 5. HP: 46/49 MP: 6/6
  2417 | D:4      | Noticed a black bear
  2417 | D:4      | Found an opulent altar of Gozag.
  2423 | D:4      | Killed a black bear
  2424 | D:4      | Reached skill level 1 in Throwing
  2424 | D:4      | Reached XP level 6. HP: 56/57 MP: 7/7
  2452 | D:4      | Found a glowing drain.
  2476 | D:4      | Reached skill level 5 in Unarmed Combat
  2714 | D:4      | Reached XP level 7. HP: 66/66 MP: 8/8
  2877 | D:4      | Noticed Pikel
  2889 | D:4      | Killed Pikel
  2890 | D:4      | Reached skill level 7 in Unarmed Combat
  2890 | D:4      | Reached XP level 8. HP: 55/74 MP: 10/10
  3246 | D:5      | Entered Level 5 of the Dungeon
  3389 | D:5      | Reached skill level 8 in Unarmed Combat
  3669 | D:5      | Found a shadowy altar of Dithmenos.
  3675 | D:5      | Found a white marble altar of Elyvilon.
  3678 | D:5      | Found a snail-covered altar of Cheibriados.
  3678 | D:5      | Found a broken altar of Ashenzari.
  3686 | D:5      | Became a worshipper of Cheibriados the Contemplative
  3689 | D:5      | Found a bloodstained altar of Trog.
  4560 | D:6      | Reached skill level 1 in Invocations
  4560 | D:6      | Reached XP level 9. HP: 66/83 MP: 11/11
  4634 | D:6      | Reached skill level 9 in Unarmed Combat
  4869 | D:6      | Learned a level 3 spell: Gell's Gravitas
  5060 | D:6      | Found an ancient bone altar of Kikubaaqudgha.
  5108 | D:7      | Reached * piety under Cheibriados
  5109 | D:7      | Reached skill level 1 in Stealth
  5463 | D:7      | Noticed Maggie
  5466 | D:7      | Noticed Menkaure
  5485 | D:7      | Killed Maggie
  5491 | D:7      | Killed Menkaure
  5632 | D:7      | Found a staircase to the Ecumenical Temple.
  5869 | D:7      | Noticed a cyclops
  5908 | D:7      | Killed a cyclops
  6131 | D:8      | Reached ** piety under Cheibriados
  6132 | D:8      | Reached XP level 10. HP: 85/92 MP: 14/14
  6610 | D:8      | Reached *** piety under Cheibriados
  6617 | D:8      | Reached skill level 10 in Unarmed Combat
  6674 | D:8      | Found a radiant altar of Vehumet.
  6821 | D:8      | Noticed Maurice
  6832 | D:8      | Killed Maurice
  6883 | D:8      | Learned a level 4 spell: Airstrike
  7037 | D:9      | Noticed Amaemon
  7037 | D:9      | Noticed an orange demon
  7283 | D:9      | Killed an orange demon
  7284 | D:9      | Reached skill level 1 in Armour
  7329 | D:9      | Killed Amaemon
  7330 | D:9      | Reached skill level 5 in Translocations
  7342 | D:9      | Gained mutation: You have a beak for a mouth. [potion of
                  | mutation]
  7342 | D:9      | Gained mutation: You have large cloven feet. [potion of
                  | mutation]
  7710 | D:9      | Reached skill level 1 in Air Magic
  7861 | D:9      | Noticed a sixfirhy
  7865 | D:9      | Noticed an orange demon
  7865 | D:9      | Noticed an orange demon
  8115 | D:10     | Entered Level 10 of the Dungeon
  8168 | D:10     | Noticed Sonja
  8177 | D:10     | Killed Sonja
  8177 | D:10     | Reached **** piety under Cheibriados
  8178 | D:10     | Reached skill level 5 in Fighting
  8178 | D:10     | Reached XP level 11. HP: 67/102 MP: 16/16
  8401 | D:10     | Found a staircase to the Lair.
  8429 | D:10     | Noticed a two-headed ogre
  8438 | D:10     | Killed a two-headed ogre
  8439 | D:10     | Reached skill level 5 in Dodging
  8528 | D:10     | Found a runed translucent door.
  8530 | D:10     | Noticed a deep elf pyromancer
  8532 | D:10     | Noticed a centaur warrior
  8534 | D:10     | Identified the amulet of Joneaggack {RegenMP rPois rCorr
                  | Str-3 Int+8}
  8534 | D:10     | Noticed a deep elf pyromancer
  8541 | D:10     | Killed a centaur warrior
  8542 | D:10     | HP: 3/104 [deep elf pyromancer/bolt of fire (27)]
  8741 | D:10     | Noticed a green ugly thing
  8750 | D:10     | Killed a green ugly thing
  9010 | D:10     | Killed a deep elf pyromancer
  9021 | D:10     | Identified the +6 spear of the Briny Deep {flame, *Slow
                  | Fragile rC+ rN+++ Dex+2}
  9023 | D:10     | Noticed a fire dragon
  9035 | D:10     | Killed from afar by a fire dragon

Illustrated notes

Levels and vault maps discovered:
D:1:      lightli_arrival_maybe_door_vault, layout_loops_ring,
          hellmonk_ecumenical_altar_dog_temple
D:2:      layout_basic, kennysheep_generic_room_15, uniq_jessica, uniq_natasha
D:3:      layout_rooms
D:4:      layout_basic, lemuel_crystal_altar, portal_sewer_entry_c,
          minmay_checkerbox, uniq_pikel
D:5:      wad_lake_hut, layout_basic, nicolae_overflow_hallway_of_the_gods
D:6:      layout_basic, tgw_kikubaaqudgha, lemuel_flamethrower_2
D:7:      minmay_chambers_of_fours, layout_loops_ring,
          minmay_temple_entry_junction, hangedman_abyss_or_decor_lesser_grid,
          hangedman_decor_points, uniq_maggie, uniq_menkaure
D:8:      nicolae_cairo_tiling, layout_rooms, lemuel_doored_altar, uniq_maurice
D:9:      layout_basic, uniq_amaemon
D:10:     minmay_the_grid_triangle_9x9_rhombus_thin_mashed
          [minmay_the_grid_triangle_9x9_limited_checkers,
          minmay_the_grid_triangle_9x9_prize_insulated,
          minmay_the_grid_triangle_9x9_corruption,
          minmay_the_grid_triangle_9x9_subtriangle], layout_basic,
          david_lair_generic, uniq_gastronok, uniq_sonja

Skill      XL: |  1  2  3  4  5  6  7  8  9 10 11 |
---------------+----------------------------------+-----
Dodging        | 2 3 4 5 |  5.1
Unarmed Combat | 3 4 5 7 8 9 10 | 10.9
Fighting       | 2 3 5 |  5.4
Throwing       | 1 2 |  2.6
Spellcasting   | 2 3 4 |  4.6
Translocations | 3 4 5 |  5.6
Invocations    | 1 2 3 |  3.8
Stealth        | 1 |  1.1
Armour         | 1 2 |  2.8
Air Magic      | 1 2 |  2.2

Action                   |  1- 3 |  4- 6 |  7- 9 | 10-12 || total
-------------------------+-------+-------+-------+-------++-------
Melee: Unarmed           |   128 |   139 |   175 |   169 ||   611
       Punch             |     1 |     2 |     9 |    11 ||    23
       Kick              |       |       |       |    23 ||    23
       Peck              |       |       |       |    18 ||    18
Throw: Stone             |    10 |    16 |    62 |    14 ||   102
       Boomerang         |       |       |     5 |     4 ||     9
 Cast: Gell's Gravitas   |       |       |    17 |    34 ||    51
       Blink             |       |       |     2 |       ||     2
Evoke: Wand              |       |       |       |     3 ||     3
  Use: Potion            |       |       |     1 |    13 ||    14
       Scroll            |       |       |     1 |     2 ||     3
 Stab: Distracted        |       |       |     1 |       ||     1
       Sleeping          |       |       |     1 |       ||     1
Armor: Robe              |    51 |    48 |    46 |       ||   145
       Swamp dragon scal |       |       |     6 |   136 ||   142
Dodge: Dodged            |    68 |    49 |    70 |   139 ||   326

Table legend: (Time is in decaauts)
 A = Elapsed time spent in this place.
 B = Non-inter-level travel time spent in this place.
 C = Inter-level travel time spent in this place.
 D = Time resting spent in this place.
 E = Time spent auto-exploring this place.
 F = Levels seen in this place.
 G = Mean time per level.
                   A        B        C        D        E       F      G
               +--------+--------+--------+--------+--------+-----+--------+
         Total |  10526 |  10232 |    294 |   1075 |   7239 |  10 | 1052.6 |
       Dungeon |  10526 |  10232 |    294 |   1075 |   7239 |  10 | 1052.6 |
               +--------+--------+--------+--------+--------+-----+--------+

Top non-repeatable levels by time:
     D:7: 1491 daAuts
     D:9: 1431 daAuts
     D:5: 1235 daAuts
    D:10: 1133 daAuts
     D:2: 1097 daAuts
     D:8: 1071 daAuts
     D:6: 934 daAuts
     D:1: 866 daAuts
     D:4: 822 daAuts
     D:3: 441 daAuts
